 Dungeon Crawl Stone Soup version 0.19.4-9-g45fd643 (webtiles) character file.

36 maxonian the Slasher (level 3, 0/33 HPs)
             Began as a Naga Gladiator on Feb 17, 2017.
             Slain by Crazy Yiuf
             ... wielding a +2 quarterstaff of chaos
              (7 damage)
             ... on level 2 of the Dungeon.
             The game lasted 00:03:07 (2212 turns).

maxonian the Slasher (Naga Gladiator)               Turns: 2212, Time: 00:03:08

Health: 0/33       AC:  3    Str: 17    XL:     3   Next: 37%
Magic:  3/3        EV: 10    Int:  9    God:
Gold:   46         SH:  0    Dex: 11    Spells: 0 memorised, 2 levels left

rFire  . . .     SeeInvis +     a - +0 long sword
rCold  . . .     Gourm    .     b - +0 leather armour
rNeg   . . .     Faith    .     (no shield)
rPois  +         Spirit   .     c - +0 helmet
rElec  .         Reflect  .     (no cloak)
rCorr  .         Harm     .     (no gloves)
MR     .....                    (no barding)
Stlth  +.........               (no amulet)
                                (no ring)
                                (no ring)

@: very slow
A: see invisible, deformed body, poison resistance, slowness 2, slow metabolism
1, spit poison 1, AC +1
a: Spit Poison


You were on level 2 of the Dungeon.
You were not hungry.

You visited 1 branch of the dungeon, and saw 2 of its levels.

You collected 46 gold pieces.

Inventory:

Hand Weapons
 a - a +0 long sword (weapon)
Missiles
 d - 2 throwing nets (quivered)
 e - 77 arrows
 j - 46 stones
 m - 21 sling bullets
 u - 6 poisoned needles
 v - 11 bolts
Armour
 b - a +0 leather armour (worn)
 c - a +0 helmet (worn)
Jewellery
 i - a cursed -2 ring of intelligence {unknown}
 w - an uncursed ring of protection from cold {unknown}
Scrolls
 g - a scroll of teleportation {unknown}
 l - a scroll of recharging {unknown}
 p - a scroll of noise {unknown}
 r - a scroll of enchant armour {unknown}
 s - a scroll of remove curse {unknown}
Potions
 h - 3 potions of lignification {unknown}
 n - a potion of curing
 o - a potion of heal wounds {unknown}
 q - a potion of resistance {unknown}
Comestibles
 f - 2 bread rations
 k - a meat ration


   Skills:
 + Level 2.4 Fighting
 * Level 3.2 Long Blades
 - Level 1.7 Throwing
 + Level 1.2 Armour
 + Level 2.7 Dodging


You had 2 spell levels left.
You didn't know any spells.

Dungeon Overview and Level Annotations

Branches:
Dungeon (2/15)

Altars:
Fedhas
Sif Muna
Yredelemnul
Zin

Annotations:
D:2 Crazy Yiuf


Innate Abilities, Weirdness & Mutations

You cannot wear boots.
Your serpentine skin is tough. (AC +1)
You have supernaturally acute eyesight. (SInv)
Armour fits poorly on your strangely shaped body.
Your system is resistant to poisons. (rPois)
You cover ground very slowly.
You have a slow metabolism.
You can spit poison.


Message History

Crazy Yiuf is lightly wounded.
Crazy Yiuf struggles against the net.
You hit Crazy Yiuf.
Crazy Yiuf is moderately wounded.
Crazy Yiuf struggles against the net.
You slash Crazy Yiuf!
Crazy Yiuf is severely wounded.
You have got your breath back.
Crazy Yiuf drinks a potion.
Crazy Yiuf is healed!
Crazy Yiuf struggles against the net.
The net rips apart, and Crazy Yiuf comes free!
You closely miss Crazy Yiuf.
Crazy Yiuf is lightly wounded.
Crazy Yiuf hits you with a quarterstaff of chaos!
You hit Crazy Yiuf but do no damage.
Crazy Yiuf is lightly wounded.
Crazy Yiuf hits you with a quarterstaff of chaos!
* * * LOW HITPOINT WARNING * * *
Crazy Yiuf burns you!
You die...

##.# #.###.#####
#.#... ##.# #.# #.#
#.#... ##.# #.# #.#
#.#.#. ##.# ### ###
#.#.#. #.#### #.#.#.
#....# #.#.#. ####.#
#### ######.#.#. #.#
#)..### ##..^...#.##
#.#
#..g@.####.P....##..#
#.#
#...##..#......####.#
#.##### ####
###.#....## #.#
#.....# ######## #.#
####### #.# ######
#.# # #....# #.# #
####.# #.# # #.# #.#


You could see Crazy Yiuf.

Vanquished Creatures
  4 dart slugs (D:1)
  A leopard gecko (D:1)
  4 bats
  A giant cockroach (D:1)
  4 hobgoblins (D:1)
  4 frilled lizards
  3 goblins
  5 kobolds
  4 rats
30 creatures vanquished.

Notes
Turn   | Place    | Note
-------+----------+-------------------------------------------
     0 | D:1      | maxonian the Naga Gladiator began the quest for the Orb.
     0 | D:1      | Reached XP level 1. HP: 19/19 MP: 1/1
   448 | D:1      | Reached XP level 2. HP: 23/26 MP: 2/2
   923 | D:1      | Reached skill level 1 in Armour
   923 | D:1      | Reached XP level 3. HP: 27/33 MP: 3/3
  1840 | D:2      | Found a runed door.
  1954 | D:2      | Found a glowing silver altar of Zin.
  1957 | D:2      | Found a deep blue altar of Sif Muna.
  1960 | D:2      | Found a basalt altar of Yredelemnul.
  1963 | D:2      | Found a blossoming altar of Fedhas.
  2204 | D:2      | Noticed Crazy Yiuf
  2212 | D:2      | Slain by Crazy Yiuf

Skill      XL: |  1  2 |
---------------+-------+-----
Armour         | 1 |  1.2
Fighting       | |  2.4
Long Blades    | |  3.2
Throwing       | |  1.7
Dodging        | |  2.7

Action                   || total
-------------------------++-------
Melee: Long sword        ||    92
Throw: Throwing net      ||     1
 Abil: Spit Poison       ||     1
  Eat: Chunk             ||     3
Armor: Leather armour    ||    19
Dodge: Dodged            ||    50
       Rpst.: Long sword ||    18
